Map: 16비트 - 래더

Players

LiquidSnute (Snute)

  • Race: Zerg Zerg
  • League: Grandmaster
  • Spawn Location: 7:00

FanTaSy - Winner!

  • Race: Terran Terran
  • League: Diamond
  • Spawn Location: 1:00

Event: HomeStory Cup XVII

VOD

Have the link to the VOD?

Description

Time

  • Played on: June 29, 2018, 3:23 p.m.
  • Length: 7:23

All games in this series

Show
View Real Time Build Order
Export as new Build Order

LiquidSnute Zerg 

Build Orders: Hatch First 

Get SALT Encoding   

  12  0:00  Drone  
  13  0:12  Overlord  
  13  0:17  Drone  
  14  0:31  Drone x2  
  14  0:35  Drone  
  17  0:53  Hatchery  
  17  0:55  Drone  
  17  0:59  Drone  
  17  1:02  Extractor  
  17  1:14  Spawning Pool  
  17  1:18  Drone  
  17  1:21  Drone  
  18  1:28  Drone  
  19  1:38  Overlord  
  19  1:50  Drone  
  20  2:00  Drone  
  20  2:01  Queen  
  21  2:03  Metabolic Boost  
  21  2:06  Queen  
  25  2:11  Zergling x2  
  25  2:14  Zergling x2  
  27  2:17  Zergling x2  
  28  2:23  Drone  
  28  2:27  Drone  
  30  2:30  Spore Crawler  
  30  2:33  Drone  
  30  2:38  Queen  
  30  2:41  Drone  
  33  2:47  Overlord  
  33  2:49  Drone  
  35  2:56  Overlord  
  35  2:59  Drone  
  35  3:03  Spore Crawler  
  35  3:06  Drone  
  35  3:11  Drone x3  
  39  3:14  Drone  
  39  3:19  Drone x4  
  44  3:34  Overlord, Hatchery  
  44  3:36  Queen  
  45  3:42  Queen  
  45  3:43  Drone  
  45  3:46  Drone  
  49  3:48  Drone x2  
  49  3:52  Overlord  
  49  3:53  Drone  
  52  3:56  Drone  
  52  3:57  Zergling x2  
  52  3:58  Zergling x2  
  52  4:02  Zergling x4  
  57  4:04  Drone  
  57  4:07  Overlord  
  58  4:12  Queen  
  60  4:18  Overlord  
  60  4:19  Zergling x2  
  60  4:22  Queen  
  61  4:32  Drone  
  61  4:33  Drone x5  
  61  4:34  Drone x2  
  69  4:44  Overlord  
  70  4:45  Drone  
  70  4:46  Drone  
  70  4:52  Evolution Chamber  
  69  4:54  Evolution Chamber  
  69  4:55  Drone x2  
  69  4:56  Drone x3  
  69  4:57  Drone x2  
  69  4:58  Drone  
  76  5:00  Drone  
  77  5:07  Drone  
  77  5:08  Roach Warren  
  77  5:12  Drone x2  
  77  5:13  Extractor  
  78  5:15  Extractor  
  78  5:16  Extractor  
  78  5:17  Spore Crawler  
  78  5:18  Zerg Ground Armor Level 1  
  78  5:19  Spore Crawler  
  78  5:21  Zerg Missile Weapons Level 1  
  74  5:22  Drone x4  
  74  5:24  Drone  
  74  5:25  Drone  
  74  5:26  Drone  
  74  5:27  Drone  
  74  5:28  Drone  
  83  5:30  Drone x2  
  83  5:31  Drone  
  86  5:36  Extractor  
  86  5:37  Overlord  
  86  5:40  Lair  
  84  5:44  Zergling x2  
  84  5:45  Zergling x8  
  88  5:51  Queen  
  88  5:54  Zergling x2  
  88  5:55  Zergling x2  
  88  5:56  Zergling x6  
  88  5:57  Zergling x2  
  91  6:10  Zergling x2  
  91  6:11  Zergling x8  
  79  6:18  Drone x3  
  79  6:25  Zergling x2  
  78  6:27  Queen  
  70  6:40  Zergling x6  
  57  6:53  Zergling x4  
  57  6:57  Zergling x2  
  57  6:59  Zergling x2  
  57  7:00  Zergling x6  
  57  7:07  Hatchery  
Show
View Real Time Build Order
Export as new Build Order

FanTaSy Terran - Winner!

Build Orders: Gas First Reaper Expand, Reaper Expand, Mech 

Get SALT Encoding   

  12  0:02  SCV  
  13  0:14  SCV  
  14  0:18  Supply Depot  
  14  0:26  SCV  
  15  0:30  Refinery  
  15  0:39  SCV  
  16  0:45  Barracks  
  16  0:51  SCV  
  17  1:04  SCV  
  18  1:16  SCV  
  19  1:31  Orbital Command  
  19  1:32  Reaper  
  20  1:45  Command Center  
  20  1:56  Factory  
  20  1:58  SCV  
  21  2:05  Refinery  
  21  2:10  Barracks Reactor  
  21  2:11  SCV  
  22  2:16  Supply Depot  
  22  2:23  SCV  
  23  2:38  SCV  
  23  2:40  Starport  
  26  2:44  Widow Mine  
  26  2:47  Marine x2  
  26  2:50  SCV  
  29  2:57  Orbital Command  
  29  3:02  SCV  
  29  3:05  Marine x2  
  32  3:07  Factory Tech Lab  
  32  3:14  SCV  
  32  3:18  Medivac  
  35  3:23  Marine x2  
  35  3:25  SCV  
  38  3:29  SCV  
  38  3:34  Siege Tank  
  42  3:38  Supply Depot  
  42  3:40  SCV  
  43  3:42  SCV  
  43  3:47  Marine x2  
  46  3:56  Supply Depot  
  46  3:59  Medivac, SCV x2  
  50  4:04  Marine  
  50  4:05  Supply Depot, Marine  
  52  4:14  SCV  
  52  4:15  SCV  
  54  4:18  Siege Tank  
  54  4:22  Marine x2  
  59  4:27  SCV x2  
  59  4:29  Supply Depot  
  60  4:37  Medivac  
  59  4:39  SCV x2  
  59  4:40  Marine x2  
  63  4:51  SCV x2  
  65  4:53  Command Center  
  65  4:54  Liberator  
  67  5:03  SCV x2  
  67  5:05  Refinery x2  
  70  5:14  Hellion  
  70  5:15  Hellion, SCV x2  
  70  5:20  Supply Depot x2  
  76  5:31  SCV  
  76  5:32  SCV  
  76  5:35  Armory x2  
  78  5:41  Hellion x2  
  82  5:43  SCV  
  82  5:44  SCV  
  84  5:55  SCV  
  84  5:56  SCV  
  86  6:03  Hellion x2, Factory  
  90  6:06  Factory  
  90  6:07  SCV  
  90  6:08  SCV  
  83  6:14  Medivac  
  80  6:19  SCV  
  80  6:20  SCV  
  80  6:24  Hellion x2  
  87  6:26  Orbital Command, Barracks Tech Lab  
  87  6:32  SCV  
  83  6:45  Orbital Command  
  83  6:46  Hellion x2  
  84  6:48  Starport Reactor  
  84  6:56  SCV x2  
  83  7:02  Refinery  
  83  7:03  Refinery  
  99  7:08  SCV x2  
  99  7:10  SCV  
  102  7:16  Supply Depot  
  102  7:17  Supply Depot x2  
Tags
 
Add a new tag
Caveats
  • Supply blocks, unpowered buildings, or Contaminate may cause inaccurate times.
  • Supply counts are checked every 10 seconds.